AoeStats
← FiestaParty

Arabia

508365395Analyzed
1v1 RM · 10d ago on Sep 22, 2026· 36m 54s· 2 players
Game mode
Random Map
Map size
Tiny (2 player)
Population
200
Speed
Normal
Resources
Standard
Victory
Conquest
Starting age
Dark Age
Ending age
Imperial Age
RankedLock teamsTeams togetherTeam positionsShared explorationLock speedFull tech treeHidden civsTurbo modeCheats
Victory
Defeat
🇺🇸 Mongols · United States
904
+15
🇺🇸 Persians · United States
890
-15
FiestaParty
7:08 Loom
9:29 Feudal Age
10:00 Double-Bit Axe
18:02 Horse Collar
20:48 Castle Age
18:59 Scale Barding Armor
21:45 Chain Barding Armor
22:12 Forging
21:56 Gold Mining
23:45 Wheelbarrow
26:04 Bloodlines
28:17 Elite Skirmisher
36:24 Iron Casting
sadsciencee
6:59 Loom
9:07 Feudal Age
11:57 Horse Collar
12:04 Double-Bit Axe
20:24 Castle Age
19:01 Fletching
19:33 Bloodlines
20:12 Padded Archer Armor
20:14 Gold Mining
21:13 Bodkin Arrow
22:27 Heavy Plow
22:14 Pikeman
24:17 Forging
24:32 Light Cavalry
27:01 Leather Archer Armor
31:28 Ballistics
31:43 Squires
32:45 Thumb Ring
35:27 Husbandry
Connection lost

Rejoining the realm…

Still unreachable

The connection could not be restored.

Session expired

The server has moved on; the page needs a fresh start.